 Seeded DCSS version 0.28-a0-998-gb9e9c7b67e (webtiles) character file.

Game seed: 3527403583651477610 (custom seed)

3003 croobank the Magician (level 9, 0/62 (66) HPs)
             Began as a Gnoll Earth Elementalist on Dec 5, 2021.
             Slain by a wight (4 damage)
             ... on level 6 of the Dungeon on Dec 6, 2021.
             The game lasted 01:25:04 (8418 turns).

croobank the Magician (Gnoll Earth Elementalist)    Turns: 8418, Time: 01:25:34

HP:   0/62 (66)     AC: 15    Str: 16    XL:     9   Next: 84%
MP:   0/19          EV: 14    Int: 16    God:
Gold: 44            SH:  0    Dex: 14    Spells: 12/21 levels left

rFire   + + .      SeeInvis .   a - +3 Elemental Staff {rElec rF++ rC++ AC+5}
rCold   + + +      Faith    .   (no shield)
rNeg    . . .      Spirit   .   C - +0 leather armour of the Game Afoot {Drain rC+ Str+7}
rPois   .          Reflect  .   (no helmet)
rElec   +          Harm     .   n - +2 cloak
rCorr   .          Rampage  .   (no gloves)
Will    .....                   J - +2 pair of boots
Stlth   +++.......              (no amulet)
HPRegen 0.20/turn               r - ring of protection from cold
MPRegen 0.16/turn               F - ring of wizardry

@: about to teleport, very slightly contaminated, drained
A: fangs 1, strong nose, distributed training
a: no special abilities


You were on level 6 of the Dungeon.
You visited 2 branches of the dungeon, and saw 7 of its levels.

You collected 314 gold pieces.
You spent 270 gold pieces at shops.

Inventory:

Hand Weapons
 a - the +3 Elemental Staff (weapon) {rElec rF++ rC++ AC+5}
   (You found it on level 4 of the Dungeon)

   If the wielder is skilled in Evocations, they can discharge powerful blasts
   of elemental energy when striking with it.
   It enhances your fire, ice, earth and air magic.
   AC:        It affects your AC (+5).
   rF:        It greatly protects you from fire.
   rC:        It greatly protects you from cold.
   rElec:     It insulates you from electricity.
 b - a +0 vorpal hunting sling
 d - a +0 war axe
 j - a +0 shortbow
 w - a +2 vampiric dagger
 D - a +1 vorpal hand axe
Missiles
 c - 125 stones
 g - 38 sling bullets
 l - 14 javelins
 m - 52 arrows
 z - 5 boomerangs
 K - 2 throwing nets
Armour
 e - a +0 plate armour
 n - a +2 cloak (worn)
 C - the +0 leather armour of the Game Afoot (worn) {Drain rC+ Str+7}
   (You found it on level 5 of the Dungeon)

   Str:       It affects your strength (+7).
   rC:        It protects you from cold.
   Drain:     It drains your maximum health when unequipped.
 J - a +2 pair of boots (worn)
Magical Staves
 o - a staff of death
 v - a staff of conjuration
Jewellery
 r - a ring of protection from cold (left hand)
 t - a ring of resist corrosion
 F - a ring of wizardry (right hand)
 G - a ring of protection from cold
Wands
 B - a wand of mindburst (10)
 E - a wand of flame (8)
Scrolls
 f - 3 scrolls of fog {unknown}
 h - a scroll of identify
 i - a scroll of teleportation
 p - a scroll of immolation
 L - a scroll of magic mapping
Potions
 k - a potion of ambrosia
 q - a potion of heal wounds
 s - a potion of resistance
 u - 2 potions of brilliance
 H - a potion of flight {unknown}


   Skills:
 + Level 4.6 Fighting
 + Level 4.6 Short Blades
 + Level 4.6 Long Blades
 + Level 4.6 Axes
 + Level 4.6 Maces & Flails
 + Level 4.6 Polearms
 + Level 4.6 Staves
 + Level 4.6 Slings
 + Level 4.6 Bows
 + Level 4.6 Crossbows
 + Level 4.6 Throwing
 + Level 4.6 Armour
 + Level 6.6 Dodging
 + Level 6.3 Stealth
 + Level 4.6 Shields
 + Level 4.6 Unarmed Combat
 + Level 6.9 Spellcasting
 + Level 3.8 Conjurations
 + Level 3.8 Hexes
 + Level 3.8 Summonings
 + Level 3.8 Necromancy
 + Level 3.8 Translocations
 + Level 4.4 Transmutations
 + Level 3.8 Fire Magic
 + Level 3.8 Ice Magic
 + Level 3.8 Air Magic
 + Level 6.7 Earth Magic
 + Level 3.8 Poison Magic
 + Level 5.1 Invocations
 + Level 4.6 Evocations


You had 12 spell levels left.
You knew the following spells:

 Your Spells              Type           Power      Damage    Failure   Level
a - Sandblast             Erth           80%        2d17      1%          1
b - Passwall              Tmut/Erth      29%        N/A       1%          2
c - Stone Arrow           Conj/Erth      66%        3d11      1%          3
d - Tukima's Dance        Hex            17%        N/A       4%          3

Your spell library contained the following spells:

 Spells                   Type           Power      Damage    Failure   Level
 Petrify                  Tmut/Erth      35%        N/A       6%          4
 Passage of Golubria      Tloc           17%        N/A       12%         4
 Yara's Violent Unravell  Hex/Tmut       9%         3d6       28%         5


Dungeon Overview and Level Annotations

Branches:
Dungeon (6/15)             Temple (1/1) D:4

Altars:
Ashenzari
Cheibriados
Dithmenos
Elyvilon
Fedhas
Gozag
Hepliaklqana
Kikubaaqudgha
Makhleb
Nemelex Xobeh
Okawaru
Qazlal
Ru
Sif Muna
Wu Jian
Xom
Yredelemnul
Zin
The Shining One

Shops:
D:1 *   D:5 (   D:6 [

Annotations:
D:3 3 runed translucent doors, browni3141's ghost, amateur OpTm
D:4 3 runed translucent doors, rougesareth's ghost, novice GrFi


Innate Abilities, Weirdness & Mutations

You have very sharp teeth.
Your uncanny sense of smell can sniff out nearby items.
Your experience applies equally to all skills.


Message History

The water moccasin bites you but does no damage.
You sock the wight!
The wight is heavily damaged.
The water moccasin barely misses you.
The wight hits you with a +0 dire flail!
You hit the wight. You bite the wight.
The wight is heavily damaged.
The water moccasin bites you but does no damage.
The wight closely misses you.
The water moccasin bites you but does no damage.
You closely miss the wight.
The wight is heavily damaged.
The wight barely misses you.
The water moccasin bites you but does no damage.
Casting: Stone Arrow (safe; 1% risk of failure)
Confirm with . or Enter, or press ? or * to list all spells.
You don't have enough magic to cast this spell.
Casting: Stone Arrow (safe; 1% risk of failure)
Confirm with . or Enter, or press ? or * to list all spells.
Aiming: Sandblast (safe; 1% risk of failure)
Press: ? - help, Shift-Dir - straight line, f/p - wight
Aim: a wight, wielding a +0 dire flail, wearing a +0 robe and wearing the ring of Vodu {rElec rC- MP+9 Str+6 Stlth+} (heavily damaged, 83% to hit)
You feel a surge of power!
The blast of sand hits the wight.
The wight is almost destroyed.
The water moccasin barely misses you.
The wight hits you with a +0 dire flail!
You feel drained. The water moccasin barely misses you.
As you read the scroll of teleportation, it crumbles to dust.
You feel strangely unstable.
The wight hits you with a +0 dire flail!
* * * LOW HITPOINT WARNING * * *
The water moccasin completely misses you.
You don't have enough magic to cast this spell.
You hit the wight but do no damage.
The wight is almost destroyed.
The water moccasin barely misses you.
The wight hits you with a +0 dire flail!
* * * LOW HITPOINT WARNING * * *
You feel drained.
You die...

. .. ... ....
..#..
###$.!#F/
#@zz..#yS
######S#..!#S=
#...##.# ..#..
#.#....# ....
#...#### ...
##.## .? #.# .
#.# #.#


You could see a water moccasin, a vampire mosquito, a bullfrog, 2 wights and 2
adders.

Vanquished Creatures
  Maggie (D:6)
  Grinder (D:3)
  Eustachio (D:4)
  A vampire mosquito (D:6)
  An acid dragon (D:6)
  Duvessa (D:5)
  A water moccasin (D:6)
  A sky beast (D:6)
  2 black bears
  An ice beast (D:5)
  An ogre (D:6)
  2 necrophages
  2 scorpions (D:5)
  Dowan (D:5)
  6 wights (D:6)
  2 centaur zombies
  2 hounds
  Ijyb (D:5)
  Terence (D:3)
  2 orc wizards
  3 iguanas (D:5)
  Natasha (thrice) (D:3)
  A hound skeleton (D:5)
  3 adders
  4 gnolls
  A white imp (D:6)
  An ufetubus (D:6)
  A worm (D:2)
  2 dart slugs (D:1)
  11 orcs
  3 endoplasms
  4 giant cockroaches
  7 goblins
  9 hobgoblins
  3 jackals (D:1)
  8 kobolds
  6 quokkas
  6 ball pythons
  7 bats
  2 frilled lizards
  9 rats
125 creatures vanquished.

Vanquished Creatures (collateral kills)
  A water moccasin zombie (D:6)
1 creature vanquished.

Vanquished Creatures (others)
  A dancing weapon (D:4)
1 creature vanquished.

Grand Total: 127 creatures vanquished

Notes
Turn   | Place    | Note
-------+----------+-------------------------------------------
     0 | D:1      | croobank the Gnoll Earth Elementalist began the quest for
                  | the Orb.
     0 | D:1      | Reached XP level 1. HP: 13/13 MP: 6/6
   197 | D:1      | Reached XP level 2. HP: 19/19 MP: 3/7
   654 | D:1      | Found Eheaneh's General Store.
   681 | D:1      | Reached XP level 3. HP: 25/25 MP: 7/9
   758 | D:1      | Learned a level 2 spell: Passwall
   762 | D:1      | Reached skill level 5 in Spellcasting
  1263 | D:2      | Found a shadowy altar of Dithmenos.
  1326 | D:2      | Reached skill level 1 in Invocations
  2726 | D:3      | Noticed Natasha
  2727 | D:3      | Noticed Grinder
  2981 | D:3      | Reached skill level 1 in Fighting
  2981 | D:3      | Reached skill level 1 in Short Blades
  2981 | D:3      | Reached skill level 1 in Long Blades
  2981 | D:3      | Reached skill level 1 in Axes
  2981 | D:3      | Reached skill level 1 in Maces & Flails
  2981 | D:3      | Reached skill level 1 in Polearms
  2981 | D:3      | Reached skill level 1 in Staves
  2981 | D:3      | Reached skill level 1 in Slings
  2981 | D:3      | Reached skill level 1 in Bows
  2981 | D:3      | Reached skill level 1 in Crossbows
  2981 | D:3      | Reached skill level 1 in Throwing
  2981 | D:3      | Reached skill level 1 in Armour
  2981 | D:3      | Reached skill level 1 in Shields
  2981 | D:3      | Reached skill level 1 in Unarmed Combat
  2981 | D:3      | Reached skill level 1 in Evocations
  3040 | D:2      | Reached XP level 4. HP: 32/32 MP: 8/11
  3130 | D:1      | Bought 21 stones for 23 gold pieces
  3130 | D:1      | Bought a scroll of identify for 22 gold pieces
  3130 | D:1      | Bought 23 stones for 25 gold pieces
  3130 | D:1      | Bought a scroll of identify for 22 gold pieces
  3160 | D:3      | Noticed browni3141's ghost (amateur OpTm)
  3160 | D:3      | Noticed a scorpion
  3166 | D:3      | Found a runed translucent gate.
  3166 | D:3      | Found a runed translucent gate.
  3167 | D:3      | Found a runed translucent gate.
  3185 | D:3      | Found a faded altar of an unknown god.
  3204 | D:4      | Noticed a necrophage
  3262 | D:3      | Killed Natasha
  3263 | D:3      | Reached skill level 1 in Conjurations
  3263 | D:3      | Reached skill level 1 in Hexes
  3263 | D:3      | Reached skill level 1 in Summonings
  3263 | D:3      | Reached skill level 1 in Necromancy
  3263 | D:3      | Reached skill level 1 in Translocations
  3263 | D:3      | Reached skill level 1 in Fire Magic
  3263 | D:3      | Reached skill level 1 in Ice Magic
  3263 | D:3      | Reached skill level 1 in Air Magic
  3263 | D:3      | Reached skill level 1 in Poison Magic
  3376 | D:4      | Found the +3 Elemental Staff {rElec rF++ rC++ AC+5}
  3427 | D:3      | Noticed Natasha
  3430 | D:3      | Killed Natasha
  3431 | D:3      | Reached XP level 5. HP: 37/37 MP: 10/12
  3491 | D:3      | Noticed Natasha
  3496 | D:3      | Killed Natasha
  3557 | D:3      | Killed Grinder
  3558 | D:3      | Reached skill level 5 in Dodging
  3558 | D:3      | Reached XP level 6. HP: 44/44 MP: 8/14
  3915 | D:3      | Noticed Terence
  3923 | D:3      | Killed Terence
  4069 | D:3      | Reached XP level 7. HP: 46/50 MP: 12/15
  4094 | D:3      | Learned a level 3 spell: Stone Arrow
  4098 | D:3      | Learned a level 3 spell: Tukima's Dance
  4556 | D:4      | Noticed Eustachio
  4617 | D:4      | Killed Eustachio
  4684 | D:4      | Found a staircase to the Ecumenical Temple.
  4694 | Temple   | Entered the Ecumenical Temple
  5070 | D:4      | Noticed rougesareth's ghost (novice GrFi)
  5077 | D:4      | Found a runed translucent gate.
  5077 | D:4      | Found a runed translucent gate.
  5078 | D:4      | Found a runed translucent gate.
  5781 | D:4      | Reached skill level 5 in Stealth
  5820 | D:5      | Entered Level 5 of the Dungeon
  5820 | D:5      | Found Eniorohacs's Weapon Boutique.
  5887 | D:5      | Identified the +0 leather armour of the Game Afoot {Drain
                  | rC+ Str+7}
  5917 | D:5      | Bought 20 stones for 28 gold pieces
  6166 | D:5      | Reached XP level 8. HP: 48/57 MP: 16/16
  7063 | D:5      | Noticed Dowan
  7066 | D:5      | Killed Dowan
  7066 | D:5      | Noticed Duvessa
  7070 | D:5      | Killed Duvessa
  7469 | D:5      | Noticed Ijyb
  7475 | D:5      | Killed Ijyb
  7593 | D:6      | Found Ituwnuog's Antique Armour Shop.
  7625 | D:6      | Reached XP level 9. HP: 60/65 MP: 18/18
  7744 | D:6      | Bought a pair of runed boots for 150 gold pieces
  7783 | D:6      | Noticed Maggie
  7788 | D:6      | Killed Maggie
  8393 | D:6      | Identified the ring of Vodu {rElec rC- MP+9 Str+6 Stlth+}
  8399 | D:6      | Reached skill level 5 in Invocations
  8418 | D:6      | Slain by a wight

Illustrated notes

Levels and vault maps discovered:
D:1:      dpeg_arrival_chambers_temple_mockup, layout_loops_ring, serial_shops,
          shop_fountains
D:2:      mumra_celtic_spiral_tile, layout_basic, basic_altar
D:3:      layout_basic, hellmonk_ecumenical_altar_crossroads,
          gammafunk_ghost_split, uniq_terence, uniq_natasha, uniq_grinder
D:4:      layout_basic, temple_hall, gammafunk_ghost_split, uniq_eustachio
D:5:      layout_loops_corners, nicolae_stop_n_shop_2, uniq_ijyb, uniq_duvessa
D:6:      layout_loops_ring, serial_shops, shop, grunt_potential, uniq_maggie
Temple:   mainiacjoe_temple_bowtie_tessellation

Skill      XL: |  1  2  3  4  5  6  7  8  9 |
---------------+----------------------------+-----
Transmutations | 2 3 4 |  4.4
Spellcasting   | 5 6 |  6.9
Invocations    | 1 2 3 4 5 |  5.1
Fighting       | 1 2 3 4 |  4.6
Short Blades   | 1 2 3 4 |  4.6
Long Blades    | 1 2 3 4 |  4.6
Axes           | 1 2 3 4 |  4.6
Maces & Flails | 1 2 3 4 |  4.6
Polearms       | 1 2 3 4 |  4.6
Staves         | 1 2 3 4 |  4.6
Slings         | 1 2 3 4 |  4.6
Bows           | 1 2 3 4 |  4.6
Crossbows      | 1 2 3 4 |  4.6
Throwing       | 1 2 3 4 |  4.6
Armour         | 1 2 3 4 |  4.6
Shields        | 1 2 3 4 |  4.6
Unarmed Combat | 1 2 3 4 |  4.6
Evocations     | 1 2 3 4 |  4.6
Conjurations   | 1 2 3 |  3.8
Hexes          | 1 2 3 |  3.8
Summonings     | 1 2 3 |  3.8
Necromancy     | 1 2 3 |  3.8
Translocations | 1 2 3 |  3.8
Fire Magic     | 1 2 3 |  3.8
Ice Magic      | 1 2 3 |  3.8
Air Magic      | 1 2 3 |  3.8
Poison Magic   | 1 2 3 |  3.8
Dodging        | 5 6 |  6.6
Stealth        | 5 6 |  6.3
Earth Magic    | 6 |  6.7

Action                   |  1- 3 |  4- 6 |  7- 9 || total
-------------------------+-------+-------+-------++-------
Melee: Unarmed           |    17 |       |       ||    17
       Bite              |     9 |     4 |    19 ||    32
       Mace              |    18 |       |       ||    18
       Staff             |    49 |    37 |   151 ||   237
       Punch             |       |       |     2 ||     2
 Fire: Hunting sling     |       |       |     8 ||     8
 Cast: Sandblast         |    27 |    39 |    47 ||   113
       Stone Arrow       |       |       |    24 ||    24
       Tukima's Dance    |       |       |     4 ||     4
Evoke: Wand              |       |       |     4 ||     4
  Use: Scroll            |     1 |     4 |     9 ||    14
       Potion            |     1 |     1 |     3 ||     5
 Stab: Sleeping          |     5 |     3 |     3 ||    11
       Distracted        |       |       |     1 ||     1
Armor: Leather armour    |    16 |    32 |   105 ||   153
       Ring mail         |       |       |    12 ||    12
Dodge: Dodged            |    70 |    66 |   190 ||   326

Table legend: (Time is in decaauts)
 A = Elapsed time spent in this place.
 B = Non-inter-level travel time spent in this place.
 C = Inter-level travel time spent in this place.
 D = Time resting spent in this place.
 E = Time spent auto-exploring this place.
 F = Levels seen in this place.
 G = Mean time per level.
                   A        B        C        D        E       F      G
               +--------+--------+--------+--------+--------+-----+--------+
         Total |   8445 |   8164 |    281 |   1297 |   4746 |   7 | 1206.4 |
       Dungeon |   8215 |   7965 |    250 |   1297 |   4558 |   6 | 1369.2 |
        Temple |    229 |    198 |     31 |      0 |    188 |   1 |  229.0 |
               +--------+--------+--------+--------+--------+-----+--------+

Top non-repeatable levels by time:
     D:2: 1804 daAuts
     D:5: 1741 daAuts
     D:3: 1338 daAuts
     D:1: 1257 daAuts
     D:4: 1216 daAuts
     D:6: 856 daAuts
  Temple: 229 daAuts
